 Dungeon Crawl Stone Soup version 0.28.0 (webtiles) character file.

Game seed: 7409434375982460910

2402 a3don the Frost Mage (level 9, 0/65 HPs)
             Began as a Gnoll Ice Elementalist on Feb 13, 2022.
             Was an Initiate of Ashenzari.
             Slain by a kobold brigand (3 damage)
             ... on level 7 of the Dungeon.
             The game lasted 00:21:47 (9871 turns).

a3don the Frost Mage (Gnoll Ice Elementalist)       Turns: 9871, Time: 00:21:47

Health: 0/65       AC:  2    Str:  7    XL:     9   Next: 47%
Magic:  15/19      EV: 14    Int: 20    God:    Ashenzari [......]
Gold:   266        SH:  0    Dex: 12    Spells: 10/21 levels left

rFire   . . .      SeeInvis .   F - +0 war axe
rCold   . . .      Faith    .   (no shield)
rNeg    . . .      Spirit   .   a - +0 robe
rPois   .          Reflect  .   (no helmet)
rElec   .          Harm     .   (no cloak)
rCorr   .          Rampage  .   (no gloves)
Will    .....                   (no boots)
Stlth   +++.......              (no amulet)
HPRegen 0.20/turn               (no ring)
MPRegen 0.16/turn               (no ring)

@: freezing walls, studying Armour
A: fangs 1, strong nose, distributed training
a: Renounce Religion


You were on level 7 of the Dungeon.
You worshipped Ashenzari.
Ashenzari was noncommittal.
You visited 2 branches of the dungeon, and saw 8 of its levels.

You collected 266 gold pieces.

Inventory:

Hand Weapons
 c - a +0 dagger
 s - a +0 hand axe
 F - a +0 war axe (weapon)
Missiles
 f - 19 sling bullets
 j - 8 javelins
 n - 141 stones
 q - 3 poisoned darts (quivered)
 v - a throwing net
Armour
 a - a +0 robe (worn)
 d - a +0 scale mail
Jewellery
 i - a +6 ring of dexterity
Wands
 y - a wand of mindburst (4)
 z - a wand of polymorph (19)
 G - a wand of iceblast (9)
Scrolls
 b - 2 scrolls of fog {unknown}
 e - a scroll of enchant armour {unknown}
 g - a scroll of amnesia {unknown}
 h - a scroll of noise {unknown}
 k - 2 scrolls of fear {unknown}
 l - 5 scrolls of identify {unknown}
 m - 2 scrolls of immolation {unknown}
 o - a scroll of teleportation {unknown}
 p - 3 scrolls of vulnerability {unknown}
 t - 2 scrolls of enchant weapon {unknown}
 D - a scroll of silence {unknown}
Potions
 r - a potion of might {unknown}
 u - a potion of flight {unknown}
 w - a potion of degeneration {unknown}
 x - a potion of magic
 A - a potion of resistance {unknown}
 B - a potion of haste {unknown}
 C - a potion of attraction {unknown}
 H - a potion of mutation {unknown}


   Skills:
 + Level 4.2 Fighting
 + Level 4.2 Short Blades
 + Level 4.2 Long Blades
 + Level 4.2 Axes
 + Level 4.2 Maces & Flails
 + Level 4.2 Polearms
 + Level 4.2 Staves
 + Level 4.2 Slings
 + Level 4.2 Bows
 + Level 4.2 Crossbows
 + Level 4.2 Throwing
 + Level 5.5 Armour
 + Level 6.3 Dodging
 + Level 6.0 Stealth
 + Level 4.2 Shields
 + Level 4.2 Unarmed Combat
 + Level 6.6 Spellcasting
 + Level 3.5 Conjurations
 + Level 3.5 Hexes
 + Level 3.5 Summonings
 + Level 3.5 Necromancy
 + Level 3.5 Translocations
 + Level 3.5 Transmutations
 + Level 3.5 Fire Magic
 + Level 8.0 Ice Magic
 + Level 3.5 Air Magic
 + Level 3.5 Earth Magic
 + Level 3.5 Poison Magic
 + Level 4.7 Invocations
 + Level 4.2 Evocations


You had 10 spell levels left.
You knew the following spells:

 Your Spells              Type           Power      Damage    Failure   Level
a - Freeze                Ice            100%       1d11      1%          1
b - Frozen Ramparts       Ice            76%        1d9       1%          3
c - Poisonous Vapours     Pois/Air       40%        N/A       3%          2
d - Ozocubu's Armour      Ice            38%        N/A       1%          3
e - Scorch                Fire           40%        2d7       3%          2

Your spell library contained the following spells:

 Spells                   Type           Power      Damage    Failure   Level
 Beastly Appendage        Tmut           40%        N/A       2%          1
 Blink                    Tloc           40%        N/A       3%          2
 Corpse Rot               Necr/Air       40%        N/A       3%          2
 Wereblood                Tmut           20%        N/A       3%          2
 Gell's Gravitas          Tloc           20%        N/A       7%          3
 Lesser Beckoning         Tloc           20%        N/A       7%          3
 Spider Form              Tmut/Pois      20%        N/A       7%          3
 Teleport Other           Tloc           20%        N/A       7%          3
 Hailstorm                Conj/Ice       29%        3d8       9%          4
 Flame Wave               Conj/Fire      20%        2d7       22%         4
 Metabolic Englaciation   Hex/Ice        14%        N/A       26%         5
 Manifold Assault         Tloc           20%        N/A       54%         5
 Simulacrum               Ice/Necr       14%        N/A       80%         6
 Summon Cactus Giant      Summ           10%        N/A       98%         6


Dungeon Overview and Level Annotations

Branches:
Dungeon (7/15)             Temple (1/1) D:7

Altars:
Ashenzari
Cheibriados
Dithmenos
Elyvilon
Fedhas
Gozag
Hepliaklqana
Makhleb
Nemelex Xobeh
Okawaru
Qazlal
Ru
Sif Muna
Trog
Uskayaw
Wu Jian
Xom
Yredelemnul
The Shining One

Shops:
D:1 !   D:2 :   D:7 =

Annotations:
D:7 1 transporter, isthmus's ghost, novice HOMo


Innate Abilities, Weirdness & Mutations

You have very sharp teeth.
Your uncanny sense of smell can sniff out nearby items.
Your experience applies equally to all skills.


Message History

* * * LOW HITPOINT WARNING * * *
The ice beast freezes you!
* * * LOW HITPOINT WARNING * * *
Aiming: Mindburst
Press: ? - help, Shift-Dir - straight line, f - ice beast
Aim: an ice beast (severely wounded, more vulnerable to fire, chance to affect: 79%)
The ice beast's mind is blasted!!
You blow up the ice beast!
You hear a shout!
Casting: Scorch (safe; 3% risk of failure)
Confirm with . or Enter, or press ? or * to list all spells.
Casting: Frozen Ramparts (safe; 1% risk of failure)
Press: ? - help, Dir - look around, f - activate The walls around you are covered in ice.
You feel yourself speed up.
The wall freezes the kobold.
The wall freezes the kobold brigand!
You are too injured to fight recklessly!
You feel better.
The wall freezes the kobold brigand!
The kobold brigand barely misses you.
The wall freezes the kobold!
You kill the kobold!
The wall freezes the kobold!
You kill the kobold!
You hit the kobold brigand. You bite the kobold brigand.
The kobold brigand is severely wounded.
The wall freezes the kobold brigand.
The kobold brigand hits you with a +0 club!
* * * LOW HITPOINT WARNING * * *
Unknown command.
Casting: Frozen Ramparts (safe; 1% risk of failure)
Confirm with . or Enter, or press ? or * to list all spells.
Aiming: Freeze (safe; 1% risk of failure)
Press: ? - help, Shift-Dir - straight line, f - kobold brigand
Aim: a kobold brigand, wielding a +0 club and quivering curare-tipped darts (severely wounded)
You freeze the kobold brigand!
The kobold brigand is almost dead.
The kobold hits you with a +0 dagger.
* * * LOW HITPOINT WARNING * * *
The wall freezes the kobold brigand.
The kobold brigand hits you with a +0 club.
You die...

... .. ∆ ∆ .....' #....#
#....##############.......#
#....##.....#.....#.......#
P.P.........#.....#.......#
#.##........#..K..#.......#
...#P....)..#..K@.#.......#
.>....#####.##.)#+#.......#
...#.##..##.#..).K##......#
#.###..........K.KK#.?....#
P.P.+........#####..K.....#
....#.......##gDo##.(K....#
+########..##.###g##......#
..........##..≈5≈$.##.....#
.........##8......≈8##......


You could see a steam dragon, a kobold brigand, a gnoll, a shadow imp and 2
kobolds.

Vanquished Creatures
  Menkaure (D:5)
  Duvessa (D:5)
  A sky beast (D:7)
  2 ice beasts
  A black bear (D:4)
  5 ogres
  An orc warrior (D:4)
  A centaur (D:5)
  A phantom (D:5)
  2 bullfrogs (D:6)
  4 scorpions
  A wyvern skeleton (D:6)
  Dowan (D:5)
  A wight (D:7)
  3 jellies
  An orc priest (D:7)
  A gnoll shaman (D:4)
  A hound (D:5)
  A bullfrog skeleton (D:5)
  3 iguanas
  Ijyb (D:5)
  3 orc wizards
  A hound skeleton (D:4)
  A mummy (D:4)
  2 howler monkey zombies (D:6)
  3 adders
  6 gnolls
  4 worms
  2 dart slugs
  13 orcs
  8 endoplasms
  6 giant cockroaches
  9 goblins
  11 hobgoblins
  4 jackals
  A quokka (D:4)
  9 ball pythons
  5 bats
  3 frilled lizards
  6 kobolds
  A kobold zombie (D:4)
  An orc zombie (D:4)
  3 rats
136 creatures vanquished.

Vanquished Creatures (others)
  3 plants (D:7)
3 creatures vanquished.

Grand Total: 139 creatures vanquished

Notes
Turn   | Place    | Note
-------+----------+-------------------------------------------
     0 | D:1      | a3don the Gnoll Ice Elementalist began the quest for the
                  | Orb.
     0 | D:1      | Reached XP level 1. HP: 13/13 MP: 6/6
   157 | D:1      | Reached XP level 2. HP: 19/19 MP: 7/7
  1212 | D:1      | Found Dotziun's Distillery.
  1342 | D:1      | Reached skill level 5 in Spellcasting
  1342 | D:1      | Reached XP level 3. HP: 25/25 MP: 6/9
  1346 | D:1      | Learned a level 3 spell: Frozen Ramparts
  1350 | D:1      | Learned a level 3 spell: Ozocubu's Armour
  1353 | D:1      | Learned a level 2 spell: Poisonous Vapours
  1515 | D:2      | Reached skill level 1 in Invocations
  2305 | D:2      | Reached skill level 1 in Fighting
  2305 | D:2      | Reached skill level 1 in Short Blades
  2305 | D:2      | Reached skill level 1 in Long Blades
  2305 | D:2      | Reached skill level 1 in Axes
  2305 | D:2      | Reached skill level 1 in Maces & Flails
  2305 | D:2      | Reached skill level 1 in Polearms
  2305 | D:2      | Reached skill level 1 in Staves
  2305 | D:2      | Reached skill level 1 in Slings
  2305 | D:2      | Reached skill level 1 in Bows
  2305 | D:2      | Reached skill level 1 in Crossbows
  2305 | D:2      | Reached skill level 1 in Throwing
  2305 | D:2      | Reached skill level 1 in Armour
  2305 | D:2      | Reached skill level 1 in Shields
  2305 | D:2      | Reached skill level 1 in Unarmed Combat
  2305 | D:2      | Reached skill level 1 in Evocations
  2350 | D:2      | Found a faded altar of an unknown god.
  2822 | D:2      | Found Elih's Book Boutique.
  3035 | D:3      | Reached XP level 4. HP: 28/32 MP: 11/11
  4032 | D:3      | Reached skill level 1 in Conjurations
  4032 | D:3      | Reached skill level 1 in Hexes
  4032 | D:3      | Reached skill level 1 in Summonings
  4032 | D:3      | Reached skill level 1 in Necromancy
  4032 | D:3      | Reached skill level 1 in Translocations
  4032 | D:3      | Reached skill level 1 in Transmutations
  4032 | D:3      | Reached skill level 1 in Fire Magic
  4032 | D:3      | Reached skill level 1 in Air Magic
  4032 | D:3      | Reached skill level 1 in Earth Magic
  4032 | D:3      | Reached skill level 1 in Poison Magic
  4468 | D:3      | Learned a level 2 spell: Scorch
  4530 | D:4      | Reached XP level 5. HP: 33/37 MP: 6/12
  4711 | D:4      | Reached XP level 6. HP: 44/44 MP: 8/13
  4910 | D:4      | Reached skill level 5 in Dodging
  5057 | D:4      | Noticed a black bear
  5063 | D:4      | Noticed an orc warrior
  5066 | D:4      | Killed a black bear
  5067 | D:4      | Reached XP level 7. HP: 36/50 MP: 0/15
  5623 | D:4      | Reached skill level 5 in Stealth
  6162 | D:5      | Entered Level 5 of the Dungeon
  6171 | D:5      | Noticed Menkaure
  6182 | D:5      | Killed Menkaure
  6250 | D:5      | Noticed Dowan
  6252 | D:5      | Noticed Duvessa
  6262 | D:5      | Killed Duvessa
  6263 | D:5      | Reached XP level 8. HP: 24/57 MP: 1/16
  6271 | D:5      | Killed Dowan
  6546 | D:5      | Noticed Ijyb
  6556 | D:5      | Killed Ijyb
  6611 | D:5      | Found a bloodstained altar of Trog.
  8038 | D:6      | Reached XP level 9. HP: 65/65 MP: 11/18
  8481 | D:6      | Reached skill level 5 in Armour
  8990 | D:7      | Found Aqyannua's Jewellery Emporium.
  9311 | D:7      | Found a staircase to the Ecumenical Temple.
  9318 | Temple   | Entered the Ecumenical Temple
  9439 | Temple   | Became a worshipper of Ashenzari the Shackled
  9530 | D:7      | Reached skill level 8 in Ice Magic
  9830 | D:7      | Found a transporter.
  9843 | D:7      | Noticed isthmus's ghost (novice HOMo)
  9849 | D:7      | Noticed a troll
  9865 | D:7      | HP: 2/65 [ice beast (7)]
  9871 | D:7      | HP: 3/65 [kobold (1)]
  9871 | D:7      | Slain by a kobold brigand

Illustrated notes

Levels and vault maps discovered:
D:1:      minmay_arrival_diagonal_passages, layout_basic, serial_shops, shop,
          wander_ebering_terrifying_dragon_lair
D:2:      layout_basic, serial_shops, shop, hellmonk_ecumenical_altar_zigzags,
          minmay_tromino_v4_b
D:3:      layout_loops_ring
D:4:      layout_loops_ring, nicolae_ossuary_entry_giza, minmay_manual_moon
D:5:      layout_basic, mainiacjoe_overflow_boulevard, uniq_menkaure,
          uniq_duvessa, uniq_ijyb
D:6:      layout_loops_ring, minmay_misc_feat_diagonals
D:7:      layout_gridville, minmay_temple_entry_gardened_gates,
          nzn_ghost_randoct, serial_shops, shop
Temple:   hc_temple_tempest_star

Skill      XL: |  1  2  3  4  5  6  7  8  9 |
---------------+----------------------------+-----
Spellcasting   | 5 6 |  6.6
Invocations    | 1 2 3 4 |  4.7
Fighting       | 1 2 3 4 |  4.2
Short Blades   | 1 2 3 4 |  4.2
Long Blades    | 1 2 3 4 |  4.2
Axes           | 1 2 3 4 |  4.2
Maces & Flails | 1 2 3 4 |  4.2
Polearms       | 1 2 3 4 |  4.2
Staves         | 1 2 3 4 |  4.2
Slings         | 1 2 3 4 |  4.2
Bows           | 1 2 3 4 |  4.2
Crossbows      | 1 2 3 4 |  4.2
Throwing       | 1 2 3 4 |  4.2
Armour         | 1 2 3 4 5 |  5.5
Shields        | 1 2 3 4 |  4.2
Unarmed Combat | 1 2 3 4 |  4.2
Evocations     | 1 2 3 4 |  4.2
Conjurations   | 1 2 3 |  3.5
Hexes          | 1 2 3 |  3.5
Summonings     | 1 2 3 |  3.5
Necromancy     | 1 2 3 |  3.5
Translocations | 1 2 3 |  3.5
Transmutations | 1 2 3 |  3.5
Fire Magic     | 1 2 3 |  3.5
Air Magic      | 1 2 3 |  3.5
Earth Magic    | 1 2 3 |  3.5
Poison Magic   | 1 2 3 |  3.5
Dodging        | 5 6 |  6.3
Stealth        | 5 6 |  6.0
Ice Magic      | 8 |  8.0

Action                   |  1- 3 |  4- 6 |  7- 9 || total
-------------------------+-------+-------+-------++-------
Melee: Unarmed           |    10 |       |       ||    10
       Dagger            |    62 |    45 |    44 ||   151
       Punch             |     3 |     2 |     6 ||    11
       Bite              |     2 |    10 |    13 ||    25
       War axe           |       |       |    11 ||    11
Throw: Javelin           |     3 |       |     5 ||     8
       Dart              |       |       |     8 ||     8
 Cast: Freeze            |    22 |    24 |    26 ||    72
       Poisonous Vapours |    12 |    12 |    28 ||    52
       Frozen Ramparts   |       |    17 |    21 ||    38
       Scorch            |       |     1 |    39 ||    40
       Ozocubu's Armour  |       |     1 |     1 ||     2
Evoke: Wand              |       |       |     2 ||     2
  Use: Potion            |       |     1 |     3 ||     4
 Stab: Sleeping          |     6 |     1 |     4 ||    11
Armor: Robe              |    14 |    10 |     6 ||    30
Dodge: Dodged            |    50 |    41 |    66 ||   157
